Cogmind - Beta 17 @@@ ROGUE MODE // 2026.07.13 @ 23:20:19 Player: shapeshifter Result: Destroyed by G-34 Mercenary with Small Laser Performance ------------- Evolutions (0) 0 Regions Visited (2) 400 Robots Destroyed (10) 50 Value Destroyed (259) 259 Prototype IDs (1) 20 Alien Tech Used (0) 0 Bonus (6050) 6050 TOTAL SCORE: 6779 Bonus ------- Prayed to X0-1V1 5000 Major X0-1V1 Interference 1050 Cogmind --------- Core Integrity 0/150 Matter 288/300 Energy 1050/1050 System Corruption 0% Temperature Cool (6) Movement Treading (160) Location -10/Subcaves Parts ------- > --- POWER (1) -------- Ion Engine > --- PROPULSION (2) --- Light Treads Light Treads > --- UTILITY (2) ------ Small Storage Unit Seismic Detector > --- WEAPON (2) ------- Battle Rifle Battle Rifle > --- INVENTORY (9) ---- Subdweller Power Source Huge Storage Unit Improved Terrain Scanner Tractor Beam X0-1V1's Piety Tracker Barrage Gun Peak State ------------ > --- POWER ------------ Ion Engine > --- PROPULSION ------- Light Treads Light Treads > --- UTILITY ---------- Small Storage Unit X0-1V1's Piety Tracker > --- WEAPON ----------- Subdweller Laser Assault Rifle > --- INVENTORY -------- Light Ion Engine Huge Storage Unit Improved Terrain Scanner Seismic Detector Tractor Beam Light Assault Rifle [Rating: 20] Favorites ----------- Power Ion Engine Engine Ion Engine Propulsion Light Treads Treads Light Treads Utility Small Storage Unit Device X0-1V1's Piety Tracker Storage Small Storage Unit Weapon Assault Rifle Energy Gun Small Laser Ballistic Gun Assault Rifle Build | -11 -10 -10 ------- Run | Yrd Mat Sub Slots Evolved . | . . . Power . | . . . Propulsion . | . . . Utility . | . . . Weapon . | . . . Parts Attached 12 | 5 3 4 Power 1 | . 1 . Engine 1 | . 1 . Core . | . . . Reactor . | . . . Propulsion 2 | 2 . . Treads 2 | 2 . . Leg . | . . . Wheel . | . . . Hover . | . . . Flight . | . . . Utility 3 | 1 1 1 Device 2 | . 1 1 Storage 1 | 1 . . Processor . | . . . Hackware . | . . . Protection . | . . . Artifact . | . . . Weapon 6 | 2 1 3 Energy Gun 2 | 1 . 1 Energy Cannon . | . . . Ballistic Gun 4 | 1 1 2 Ballistic Cannon . | . . . Launcher . | . . . Special Weapon . | . . . Impact Weapon . | . . . Slashing Weapon . | . . . Piercing Weapon . | . . . Special Melee Weapon . | . . . Unidentified Prototypes 1 | . 1 . Parts Lost 1 | . . 1 Power . | . . . Propulsion . | . . . Utility . | . . . Weapon 1 | . . 1 Highest Loss Streak 1 | . . 1 To Critical Strikes . | . . . Average Backups 5 | 3 5 5 Power 1 | 1 1 1 Propulsion . | . . . Utility 3 | 1 3 3 Weapon . | 1 . . Tool/Special . | . . . Unused Backups 7 | . . 7 Power 2 | . . 2 Propulsion . | . . . Utility 4 | . . 4 Weapon 1 | . . 1 Tool/Special . | . . . Average Slot Usage (%) 89 | . 77 99 Engine 9 | . 3 14 Treads 28 | . 28 28 Device 9 | . 3 14 Storage 14 | . 14 14 Energy Gun 2 | . 2 3 Ballistic Gun 25 | . 25 24 Peak Build Rating 20 | 5 19 20 Average Rating 10 | 4 8 13 On Entrance 8 | . 5 19 Avg Prop Armor Cover (%) . | . . . Naked Turns . | . . . Heaviest Build 17 | 8 14 17 Greatest Support 40 | 40 40 40 Greatest Overweight (x) . | . . . Average Overweight (x) . | . . . Largest Inventory Capacity 9 | 8 8 9 Average Capacity 8 | 7 8 9 Most Carried 9 | 6 7 9 Average Carried 5 | 4 5 5 Final Capacity 9 | 8 9 9 Final Carried 6 | 6 5 6 Class Distribution -------------------- 100% | Mutant Dominant Class ---------------- Mutant | -10/Materials Mutant | -10/Subcaves Resources | -11 -10 -10 ----------- Run | Yrd Mat Sub Matter Collected 505 | 268 . 237 Remotely . | . . . Salvage Created 403 | 124 13 266 Parts 24 | 7 2 15 Haulers Intercepted . | . . . Recyclers Shooed . | . . . Parts Field Recycled . | . . . Retrieved Matter . | . . . Parts Self-Destructed 24 | . . 24 Prevented . | . . . Parts Restored . | . . . Kills | -11 -10 -10 ------- Run | Yrd Mat Sub Combat Hostiles Destroyed 7 | . 1 6 Guns 7 | . 1 6 Classes Destroyed 5 | 2 1 2 Tunneler 2 | 2 . . Recycler 1 | 1 . . Swarmer 1 | . 1 . Grunt 4 | . . 4 Subdweller 2 | . . 2 Best Kill Streak 2 | 1 1 2 Combat Bots Only 2 | . 1 2 Max Kills in Single Turn 1 | 1 1 1 Gunslinging . | . . . Exploded . | . . . Melee . | . . . Uniques/NPCs Destroyed . | . . . Combat | -11 -10 -10 -------- Run | Yrd Mat Sub Hostile Shots Fired 51 | . 2 49 Missed 13 | . . 13 Hits 38 | . 2 36 Projectile 38 | . 2 36 Critical Strikes 2 | . . 2 Damage Taken 591 | . 35 556 Core 151 | . . 151 Absorbed by Shields . | . . . Core Remaining (%) 100 | 100 . . Volleys Fired 48 | 7 5 36 Largest 2 | 2 2 2 Hottest 80 | 60 60 80 Shots Fired 88 | 14 7 67 Gun 88 | 14 7 67 Cannon . | . . . Launcher . | . . . Special . | . . . Kinetic 74 | 7 5 62 Thermal 14 | 7 2 5 Explosive . | . . . Electromagnetic . | . . . Robot Hit Streak 9 | 9 5 7 Robot Miss Streak 4 | 1 1 4 Penetration Max . | . . . Secondary Targets . | . . . Shots Hit Robots 57 | 12 6 39 Core Hits 19 | 4 2 13 Critical Kills . | . . . Critical Parts Destroyed . | . . . Critical Strikes 1 | . . 1 Destroy 1 | . . 1 Melee Attacks . | . . . Impact . | . . . Slashing . | . . . Piercing . | . . . Sneak Attacks . | . . . Combat Hostiles . | . . . Follow-up Attacks . | . . . Damage Inflicted 668 | 141 72 455 Guns 668 | 141 72 455 Cannons . | . . . Explosions . | . . . Melee . | . . . Ramming . | . . . Kinetic 517 | 74 48 395 Thermal 151 | 67 24 60 Explosive . | . . . Electromagnetic . | . . . Impact . | . . . Slashing . | . . . Piercing . | . . . Highest Corruption . | . . . Average Corruption . | . . . Corruption Purged . | . . . Corruption Blocked . | . . . Overload Shots . | . . . Overflow Damage . | . . . Projectiles . | . . . Explosions . | . . . Melee . | . . . Knockbacks . | . . . Impact . | . . . Kinetic . | . . . Secondary . | . . . Self-Inflicted Damage . | . . . Shots . | . . . Rammed . | . . . Targets Rammed . | . . . Kicked . | . . . Crushed . | . . . Highest Temperature 13 | . . 13 Average Temperature 7 | . . 7 Received Heat Transfer 300 | . 6 294 Siege Activations . | . . . Martial Activations . | . . . Shielding Activations . | . . . Robots Disrupted . | . . . Combat Hostiles . | . . . Robots Corrupted . | . . . Combat Hostiles . | . . . Parts Fried . | . . . Impact Corruptions . | . . . Robots Melted . | . . . Combat Hostiles . | . . . Parts Melted 2 | 1 . 1 Heat Transferred 275 | 150 50 75 Parts Sabotaged . | . . . Parts Stolen . | . . . Parts Stripped . | . . . Power Chain Reactions . | . . . Alert | -11 -10 -10 ------- Run | Yrd Mat Sub Maximum Alert Level . | . . . Low Security (%) 100 | 100 100 . Level 1 . | . . . Level 2 . | . . . Level 3 . | . . . Level 4 . | . . . Level 5 . | . . . High Security . | . . . Max Security . | . . . Peak Influence 52 | 5 52 . Initial . | . . . Average 6 | 1 7 . Influence Increases 167 | 15 62 90 Destroy 0b10 Robot/C 100 | . 20 80 Destroy 0b10 Robot/NC 15 | 15 . . Destroy Leader 10 | . . 10 Successful Hack 12 | . 12 . Select Force Hacks 30 | . 30 . Influence Decreases 135 | 15 62 58 Time Decay 129 | 15 62 52 Lost Part 6 | . . 6 Squads Dispatched 2 | . 2 . Investigation 1 | . 1 . Extermination . | . . . Reinforcement 1 | . 1 . Assault . | . . . Garrison . | . . . Intercept . | . . . Searches Triggered . | . . . Construction Impeded . | . . . Haulers Reinforced . | . . . Active Scanning Responses . | . . . Cargo Convoy Interrupts . | . . . Stealth | -11 -10 -10 --------- Run | Yrd Mat Sub Distress Signals . | . . . Communications Jammed . | . . . Distress Signals . | . . . Times Spotted 18 | . 5 13 Peak Tracking Total 4 | . 4 4 Tactical Retreats . | . . . Traps | -11 -10 -10 ------- Run | Yrd Mat Sub Traps Triggered . | . . . Indirectly . | . . . Trap Hack Attempts . | . . . Triggered . | . . . Disarmed . | . . . Reprogrammed . | . . . Reused . | . . . Traps Extracted . | . . . Installed . | . . . Triggered . | . . . Machines | -11 -10 -10 ---------- Run | Yrd Mat Sub Machines Disabled . | . . . Max in Single Turn . | . . . Machines Repaired . | . . . Machines Dismantled . | . . . Machines Sabotaged . | . . . Overloaded Fab Kills . | . . . Hacking | -11 -10 -10 --------- Run | Yrd Mat Sub Machines Accessed 1 | . 1 . Terminals . | . . . Fabricators . | . . . Repair Stations . | . . . Recycling Units 1 | . 1 . Scanalyzers . | . . . Garrison Access . | . . . Total Hacks 3 | . 3 . Successful 2 | . 2 . Failed 1 | . 1 . Catastrophic . | . . . Database Lockouts . | . . . Manual 4 | . 4 . Terminals . | . . . Fabricators . | . . . Repair Stations . | . . . Recycling Units 3 | . 3 . Scanalyzers . | . . . Garrison Access . | . . . Terminal Hacks . | . . . Fabricator Hacks . | . . . Repair Station Hacks . | . . . Recycling Unit Hacks . | . . . Scanalyzer . | . . . Garrison Access Hacks . | . . . Unauthorized Hacks 1 | . 1 . Terminals . | . . . Fabricators . | . . . Repair Stations . | . . . Recycling Units 1 | . 1 . Tunnel 1 | . 1 . Scanalyzers . | . . . Garrison Access . | . . . Data Cores Recovered . | . . . Used . | . . . Hacking Detections . | . . . Full Trace Events . | . . . Feedback Events . | . . . Feedback Blocked . | . . . Robot Schematics Acquired . | . . . Robots Built . | . . . Authchips . | . . . Time . | . . . Total Robot Build Rating . | . . . Part Schematics Acquired . | . . . Parts Built . | . . . Authchips . | . . . Time . | . . . Total Part Build Rating . | . . . Part Studies Acquired . | . . . Parts Repaired . | . . . Time . | . . . Parts Recycled . | . . . Recycled Matter . | . . . Retrieved Matter . | . . . Retrieved Components . | . . . Parts Scanalyzed . | . . . Part Schematics Acquired . | . . . Parts Damaged . | . . . Bothacking | -11 -10 -10 ------------ Run | Yrd Mat Sub Used RIF Installer . | . . . Robots Hacked . | . . . Non-combat . | . . . Combat . | . . . Robot Hacks Applied . | . . . Relay Couplers Released . | . . . Fabnet Peak Effective % . | . . . Robots Rewired . | . . . Allies Hacked . | . . . Hacks Repelled . | . . . Allies | -11 -10 -10 -------- Run | Yrd Mat Sub Total Allies . | . . . Largest Group . | . . . Highest-Rated Group . | . . . Highest-Rated Ally . | . . . Total Orders . | . . . Ally Attacks . | . . . Total Damage . | . . . Kills . | . . . Allies Corrupted . | . . . Allies Melted . | . . . X0-1V1 Amusement Gains 19 | . 19 . Good Acts 4 | . 1 3 Bad Acts 4 | . . 4 Intel | -11 -10 -10 ------- Run | Yrd Mat Sub Active Infowar (turns) 312 | . . 312 Seismic 312 | . . 312 Robot Analysis Total . | . . . Derelict Logs Recovered 1 | . . 1 Drone Launches . | . . . Drone Recoveries . | . . . Exploration | -11 -10 -10 ------------- Run | Yrd Mat Sub Turns Passed 1112 | 117 455 540 Spaces Moved 352 | 66 49 237 Core 22 | 22 . . Treads 330 | 44 49 237 Legs . | . . . Wheels . | . . . Hover . | . . . Flight . | . . . Fastest Speed 50 | 50 160 160 Average Speed 153 | 123 160 160 Slowest Speed 160 | 160 160 160 Overloaded Moves . | . . . Propulsion Burnouts . | . . . Robots Hopped . | . . . Potential Cave-ins . | . . . Cave-ins Triggered . | . . . Exploration Rate (%) 11 | 4 11 20 Regions Visited 2 Branch Regions 1 Pre-discovered Areas 2 | . 1 1 Known Exits Taken . | . . . Unknown Exits Taken 2 | 1 1 . Scrap Searched 3 | . . 3 Spaces Dug . | . . . Terrain Destroyed . | . . . Melee . | . . . Projectile . | . . . AOE . | . . . Terrain Rammed . | . . . Walls Destroyed . | . . . Machines Disabled . | . . . Actions | -11 -10 -10 --------- Run | Yrd Mat Sub Total 842 | 87 419 336 Wait 404 | . 360 44 Move 350 | 65 48 237 Hop . | . . . Pick Up 19 | 10 2 7 Fast Attach 1 | 1 . . Attach 9 | 4 2 3 Detach . | . . . Swap 5 | . 1 4 Drop 6 | . 1 5 Fire 48 | 7 5 36 Melee . | . . . Ram . | . . . Kick . | . . . Crush . | . . . Escape Stasis . | . . . Rewire . | . . . Trap . | . . . Miscellaneous . | . . . Route ------- -11/Scrapyard -10/Materials -10/Subcaves (discovered 3 exits: [*Mat] / Rec / [*Scr]) History --------- Turn | Location | Event 5 | -11/Scrapyard | Discovered new exit (range 15) 118 | -11/Scrapyard | Entered Materials 119 | -10/Materials | Met a group of wandering Federalists 189 | -10/Materials | Discovered new exit (range 5) 314 | -10/Materials | Build established: Mutant 461 | -10/Materials | Prayed at D.C.S.S. Altar Unit 573 | -10/Materials | Inventory capacity permanently improved by X0-1V1 (+1; -100 max core) 573 | -10/Materials | Entered Subcaves 574 | -10/Subcaves | Continued accompanying wandering Federalists (4) 574 | -10/Subcaves | Approached by a straggling Scientist 641 | -10/Subcaves | Learned location of Zion (-7) 649 | -10/Subcaves | X0-1V1 sent hostile S-10 Pest (x3) 751 | -10/Subcaves | Identified exit to Recycling 751 | -10/Subcaves | X0-1V1 revealed exit location to -7/Recycling 775 | -10/Subcaves | Wandering Federalist uncovered a shortcut to Scraptown 777 | -10/Subcaves | Lost 6 allies 877 | -10/Subcaves | Discovered new exit (range 5) 877 | -10/Subcaves | X0-1V1 sent you into danger 1015 | -10/Subcaves | Disturbed a concealed Subdweller 1017 | -10/Subcaves | Core integrity fell below 50% 1024 | -10/Subcaves | Core integrity fell below 20% 1092 | -10/Subcaves | X0-1V1 sent hostile G-34 Mercenary (x4) 1113 | -10/Subcaves | Destroyed by G-34 Mercenary with Small Laser Last Messages --------------- 01018_ UL-CQR(R) affixes Scrap Shield Fragment to Scrap Shield. 01025_ Assault Rifle destroyed. 01027_ UL-CQR(R) destroyed. 01029_ Acquired 12 matter. 1K-WLM(c): "I think it's somewhere east of here" 01036_ Acquired Barrage Gun. 01041_ Searching scrap... 01041_ Found Battle Rifle. 01041_ Found Riot Gun. 01041_ Found 34 Matter. 01045_ Acquired Battle Rifle. 01051_ Dropped Broken Sub. Laser. 01053_ Dropped Lgt. Assault Rifle. 01055_ Acquired 40 matter. 01071_ Ranged accuracy returns to normal. 1K-WLM(c): "I think it's somewhere east of here" 01092_ X0-1V1: "C'mon, do something!" G-34 Mercenary form resolidifies at new position. 01108_ G-34 Mercenary destroyed. 01113_ X0-1V1 bursts into laughter! Map ----- +----------------------------------------------------+ | ??????????# *%! [ ""#?????????????????? | | ??????????# &= "##?????????????????? | | ??????????# ## # ##??????????????????? | | ??????????## ### "## #??????????????????? | | ???????????## ## ## #??????????????????? | | ????????????# #### ## #?????????????????? | | ????????????# #?## ## #?????????????????? | | ???????????# #?# #? #?????????????????? | | ???????????# #?# ##? #?????????????????? | | ???????????## #?## ##??? #?????????????????? | | ????????????#####??# ##?????#?????????????????? | | ????????????????#### ##????????????????????????? | | ??????????####### ##?????????????????????????? | | ?????????## #??????????????????????????? | | ?????????# # #??????????????????????????? | | ?????????# ##### ##?????????????????????????? | | ?????????## #??? #?????????????????????????? | | ??????????## ####?# ##?????????????????????????? | | ???????????##### #?# #?????????????????????????? | | ?????????????## ### ##?????????????????????????? | | ?????????????# #?????????????????????????? | | ?????????????# #?????????????????????????? | | ??????????????# ##?????????????????????????? | | ??????????????## #??????????????????????????? | | ???????????????# ###?###??????????????????????? | | ????????????#### ##???#@##?????????????????????? | | ????????????# ####?# ##????????????????????? | | ????????????# #?#= #????????????????????? | | ???????????#### ##?#[% #????????????????????? | | ???????????# ## #####g= #????????????????????? | | ??????????## < #### g=[ ##???????????????????? | | ?????????## ## #???????????????????? | | ?????????# #???????????????????? | | ????####?# ### ##??????????????????? | | ????#[%### ### ## #??????????????????? | | ????#=[#%#" ## ### #??????????????????? | | ????##!&&*[ ## ##?# ## ##??????????????????? | | ????#&%"##" #??# ##?##???????????????????? | | ????#&%## #?# ##???????????????????????? | | ????######## #????????????????????????? | | ???????????## ## ###????????????????????????? | | ????????????### #?# #??????????????????????????? | | ??????????????# % ###???????????????????????????? | | ??????????????## #?????????????????????????????? | | ??????????????? #?????????????????????????????? | | ??????????????? #?????????????????????????????? | | ???????????????# #?????????????????????????????? | | ???????????????# #?????????????????????????????? | | ??????????????? ?????????????????????????????? | | ??????????????? ????????????????????????????? | +----------------------------------------------------+ Best States ------------- Heat Dissipation 25 Energy Generation 10 Energy Capacity 1050 Matter Stores 300 Matter Capacity 300 Sight Range 19 Terrain Scan Density 10 Evasion (%) 50 Recoil Reduction 2 Item Schematics ----------------- None Robot Schematics ------------------ None Fabricated ------------ Nothing Repaired ---------- Nothing Studied --------- None Alien Tech Used ----------------- None Achievements -------------- None Challenges ------------ None Game ------ Seed SeismicLightGravjet Manual? 0 Play Time 00:07:07 Cumulative 992.8 hours Start 2026.07.12 @ 19:19:29 End 2026.07.13 @ 23:20:19 Sessions 4 Manual Loads 0 Difficulty Rogue Special Mode None Game No. 1131 Rogue 1131 Adventurer 0 Explorer 0 Win Type - Total 45 Types 22/1/9/3/2/1/3/2/1/1 Lore% 98 Gallery% 97 Achievement% 93 Wizard Run 0 Options --------- Layout 0 ASCII 0 Keyboard 0 Movement Mouse Keybinds 0 Fullscreen 1 Font 24/X11 Map View 76x50 Zoom Use 0% Tactical HUD 1 Map Filters NONE Filters NONE Steam 1 RUN: b97417a0-86bf-4f50-8346-e05eb4739bb5